 Dungeon Crawl Stone Soup version 0.30.1-9-gdf580d7c3d (webtiles) character file.

Game seed: 11583265445635710607

515 Legs the Cudgeller (level 7, -10/61 HPs)
             Began as a Minotaur Berserker on Oct 18, 2023.
             Was a Priest of Trog.
             Splashed by a jelly's acid (11 damage)
             ... on level 5 of the Dungeon on Oct 20, 2023.
             The game lasted 00:15:42 (3843 turns).

Legs the Cudgeller (Minotaur Berserker)             Turns: 3843, Time: 00:15:43

Health: -10/61     AC: -6    Str: 23    XL:     7   Next: 0%
Magic:  6/6        EV:  9    Int:  4    God:    Trog [***...]
Gold:   238        SH:  0    Dex: 10    Spells: 6/6 levels left

rFire   . . .        a - +0 mace
rCold   . . .        (no shield)
rNeg    . . .        p - +0 chain mail
rPois   .            (helmet restricted)
rElec   .            (no cloak)
rCorr   .            q - +2 pair of gloves
SInv    .            f - +0 pair of boots
Will    .....        (no amulet) Stlth
                     (no ring)
HPRegen 0.30/turn    (no ring)
MPRegen 0.10/turn

%: no passive effects
@: corroded
A: horns 2, retaliatory headbutt
a: Renounce Religion, Berserk, Trog's Hand


You were on level 5 of the Dungeon.
You worshipped Trog.
Trog was most pleased with you.
You visited 1 branch of the dungeon, and saw 5 of its levels.

You collected 238 gold pieces.

Inventory:

Hand Weapons
 a - a +0 mace (weapon)
 b - a +2 short sword of flaming
 o - a +2 antimagic spear
Armour
 f - a +0 pair of boots (worn)
 p - a +0 chain mail (worn)
 q - a +2 pair of gloves (worn)
Wands
 s - a wand of roots (10)
 x - a wand of flame (13)
 y - a wand of charming (10)
Scrolls
 c - 2 scrolls of fog
 g - a scroll of fear {unknown}
 m - a scroll of vulnerability {unknown}
 t - 3 scrolls of noise
 u - a scroll of amnesia
 w - 2 scrolls of identify {unknown}
Potions
 d - 3 potions of brilliance
 e - a potion of haste {unknown}
 h - a potion of cancellation {unknown}
 i - a potion of degeneration {unknown}
 j - 3 potions of curing
 k - a potion of lignification {unknown}
 l - a potion of flight {unknown}
 n - 3 potions of heal wounds
 r - 2 potions of resistance
 v - a potion of berserk rage {unknown}
 z - 2 potions of attraction {unknown}


   Skills:
 + Level 5.2 Fighting
 + Level 7.3 Maces & Flails
 + Level 4.3 Armour
 + Level 3.2 Dodging
 + Level 0.7 Stealth


You had 6 spell levels left.
You didn't know any spells.
Your spell library was empty.

Dungeon Overview and Level Annotations

Branches:
Dungeon (5/15)
 Temple: D:4-7

Altars:
Ashenzari
Cheibriados
Hepliaklqana
Makhleb
Yredelemnul


Innate Abilities, Weirdness & Mutations

You have a pair of horns on your head.
You reflexively headbutt those who attack you in melee.


Message History

The jelly is lightly wounded.
The jelly hits you but does no damage.
You hit the jelly. The acid corrodes you!
Your hands burn!
You headbutt the jelly, but do no damage.
The jelly is lightly wounded.
The jelly hits you.
You are splashed with acid!
You sock the jelly! The acid corrodes you!
Your hands burn!
You headbutt the jelly, but do no damage.
The jelly is moderately wounded.
The jelly hits you.
You are splashed with acid!
You are too injured to fight recklessly!
You are too injured to fight recklessly!
You are too injured to fight recklessly!
You are too injured to fight recklessly!
You are too injured to fight recklessly!
You are too injured to fight recklessly!
You hit the jelly.
Your hands burn!
Your headbutt misses the jelly.
The jelly is heavily wounded.
The jelly closely misses you.
You hit the jelly but do no damage. The acid corrodes you!
Your hands burn!
The jelly is heavily wounded.
The jelly hits you.
You are splashed with acid!
You hit the jelly but do no damage.
Your hands burn!
* * * LOW HITPOINT WARNING * * *
The jelly is heavily wounded.
The jelly closely misses you.
You hit the jelly but do no damage.
Your hands burn!
* * * LOW HITPOINT WARNING * * *
The jelly is heavily wounded.
The jelly hits you.
* * * LOW HITPOINT WARNING * * *
The acid corrodes you!
You are splashed with acid!
* * * LOW HITPOINT WARNING * * *
The jelly attacks as you move away! The jelly barely misses you.
You furiously retaliate!
You headbutt the jelly, but do no damage.
The jelly attacks as you move away! The jelly hits you.
* * * LOW HITPOINT WARNING * * *
You are splashed with acid!
You die...

#.# #.# #.# #+##
..###...#
##.......# #.
........#
#.#.##....#
#.#.##J...#
#.#.##@...#
#.#.##...(#.##
#....#........
#.......#.....
#.......#.....
#.......##.?##
...####..........##
...............###
#+#####..†.........


You could see a jelly.

Vanquished Creatures
  Sigmund (D:5)
  2 hounds
  A jelly (D:4)
  An iguana (D:5)
  2 orc wizards (D:4)
  4 gnolls (D:2)
  3 adders
  A white imp (D:5)
  4 dart slugs
  13 orcs
  5 bats
  8 endoplasms
  4 giant cockroaches
  7 goblins
  5 hobgoblins
  6 kobolds
  6 quokkas
  6 ball pythons
  16 frilled lizards
  8 rats
103 creatures vanquished.

Notes
Turn   | Place    | Note
-------+----------+-------------------------------------------
     0 | D:1      | Legs the Minotaur Berserker began the quest for the Orb.
     0 | D:1      | Reached XP level 1. HP: 19/19 MP: 0/0
    49 | D:1      | Reached XP level 2. HP: 21/27 MP: 1/1
   209 | D:1      | Reached skill level 4 in Maces & Flails
   390 | D:1      | Reached XP level 3. HP: 21/33 MP: 2/2
   709 | D:2      | Reached ** piety under Trog
   872 | D:2      | Found a faded altar of an unknown god.
   920 | D:2      | Reached XP level 4. HP: 21/41 MP: 0/3
   925 | D:2      | Reached skill level 5 in Maces & Flails
  1766 | D:3      | Found a broken altar of Ashenzari.
  2050 | D:3      | Reached XP level 5. HP: 44/47 MP: 4/4
  2075 | D:3      | Reached *** piety under Trog
  2724 | D:4      | Found a basalt altar of Yredelemnul.
  2727 | D:4      | Found a snail-covered altar of Cheibriados.
  2730 | D:4      | Found a burning altar of Makhleb.
  2746 | D:4      | Found a hazy altar of Hepliaklqana.
  2847 | D:4      | Reached skill level 6 in Maces & Flails
  3029 | D:4      | Reached skill level 5 in Fighting
  3050 | D:4      | Reached XP level 6. HP: 55/56 MP: 5/5
  3628 | D:5      | Entered Level 5 of the Dungeon
  3630 | D:5      | Noticed Sigmund
  3648 | D:5      | Killed Sigmund
  3649 | D:5      | Reached skill level 7 in Maces & Flails
  3816 | D:5      | Reached XP level 7. HP: 60/61 MP: 6/6
  3841 | D:5      | HP: 3/61 [acid (9)]
  3843 | D:5      | HP: 1/61 [jelly (2)]
  3843 | D:5      | Splashed by a jelly's acid

Illustrated notes

Levels and vault maps discovered:
D:1:      lordsloth_arrival_two_stooges, layout_rooms
D:2:      layout_basic, hellmonk_ecumenical_altar_heavens_door
D:3:      layout_basic, nicolae_ashenzari_skybound, serial_corexii_hall,
          corexii_hall_statues_i, chequers_hall_statues_corner_a,
          minmay_misc_feat_enclosed, minmay_lizard_king
D:4:      layout_basic, grunt_temple_overflow_cloverleaf
D:5:      layout_basic, uniq_sigmund

Skill      XL: |  1  2  3  4  5  6 |
---------------+-------------------+-----
Maces & Flails | 4 5 6 7 |  7.3
Fighting       | 4 5 |  5.2
Armour         | 3 4 |  4.3
Dodging        | 3 |  3.2
Stealth        | |  0.7

Action                     |  1- 3 |  4- 6 |  7- 9 || total
---------------------------+-------+-------+-------++-------
  Melee: Mace              |    67 |   145 |     8 ||   220
         Headbutt          |     5 |    23 |     2 ||    30
         Punch             |     1 |     2 |       ||     3
    Use: Potion            |       |     4 |       ||     4
         Scroll            |       |     3 |       ||     3
   Stab: Sleeping          |     1 |       |       ||     1
 Armour: Animal skin       |    22 |       |       ||    22
         Chain mail        |       |    61 |     2 ||    63
         Ring mail         |       |     2 |       ||     2
  Dodge: Dodged            |    50 |    83 |     3 ||   136
